 Dungeon Crawl Stone Soup version 0.26.0-16-gc1dbca0489 (webtiles) character file.

Game seed: 12963223439611510531

119 thiole the Sneak (level 5, -3/46 HPs)
             Began as an Octopode Hedge Wizard on Jan 20, 2021.
             Slain by a goblin (6 damage)
             ... led by Robin
             ... on level 5 of the Dungeon.
             The game lasted 00:05:16 (2887 turns).

thiole the Sneak (Octopode Hedge Wizard)            Turns: 2887, Time: 00:05:17

Health: -3/46      AC:  1    Str:  9    XL:     5   Next: 3%
Magic:  2/10       EV: 13    Int: 18    God:
Gold:   56         SH:  0    Dex: 11    Spells: 5/11 levels left

rFire    . . .     SeeInvis .   a - +0 dagger
rCold    . . .     Faith    .   (no shield)
rNeg     . . .     Spirit   .   b - +0 hat
rPois    .         Reflect  .   (no amulet)
rElec    .         Harm     .   (no ring)
rCorr    .         Rampage  .   (no ring)
Will     .....                  (no ring)
Stlth    ..........             (no ring)
HPRegen  0.15/turn              (no ring)
MPRegen  0.12/turn              (no ring)
                                (no ring)
                                (no ring)

@: berserking, very quick
A: almost no armour, stealthy swim, amphibious, 8 rings, constrict 8, camouflage
1, gelatinous body 1
a: no special abilities


You were on level 5 of the Dungeon.
You visited 1 branch of the dungeon, and saw 5 of its levels.

You collected 56 gold pieces.

Inventory:

Hand Weapons
 a - a +0 dagger (weapon)
 f - a +0 hunting sling
Missiles
 g - 144 stones
Armour
 b - a +0 hat (worn)
Jewellery
 h - an uncursed ring of poison resistance
 o - an uncursed ring of resist corrosion {unknown}
Wands
 m - a wand of acid (9)
Scrolls
 e - 3 scrolls of identify {unknown}
 i - 2 scrolls of amnesia
 j - a scroll of fear {unknown}
 l - a scroll of enchant weapon {unknown}
 n - 2 scrolls of teleportation {unknown}
Potions
 c - a potion of berserk rage
 d - 2 potions of lignification {unknown}
 k - a potion of flight {unknown}
 p - 2 potions of heal wounds {unknown}


   Skills:
 - Level 2.0 Dodging
 + Level 4.0 Stealth
 + Level 3.5 Spellcasting
 - Level 2.0 Conjurations
 - Level 2.0 Summonings
 - Level 1.0 Translocations
 * Level 1.3 Air Magic
 * Level 1.4 Poison Magic


You had 5 spell levels left.
You knew the following spells:

 Your Spells              Type           Power        Failure   Level
a - Magic Dart            Conj           40%          7%          1
b - Call Imp              Summ           10%          11%         2
c - Mephitic Cloud        Conj/Pois/Air  8%           24%         3

Your spell library contained the following spells:

 Spells                   Type           Power        Failure   Level
 Blink                    Tloc           N/A          16%         2
 Slow                     Hex            3%           24%         2
 Conjure Flame            Conj/Fire      6%           30%         3


Dungeon Overview and Level Annotations

Branches:
Dungeon (5/15)
 Temple: D:4-7

Altars:
Dithmenos
Fedhas
Qazlal
Uskayaw
Wu Jian
Xom

Annotations:
D:3 Grinder


Innate Abilities, Weirdness & Mutations

You cannot wear most types of armour.
You are very stealthy in the water. (Stealth+)
You are amphibious.
You can wear up to eight rings at the same time.
You can use your tentacles to constrict eight enemies at once.
Your skin changes colour to match your surroundings (Stealth+).
Your rubbery body absorbs attacks. (AC +1, EV +1)


Message History

You climb downwards.
There is a stone staircase leading up here.
Casting: Magic Dart (safe; 7% risk of failure)
Confirm with . or Enter, or press ? or * to list all spells.
A beastly little devil appears in a puff of flame.
The hobgoblin barely misses you. The goblin closely misses you.
The goblin misses you. The goblin hits you.
* * * LOW HITPOINT WARNING * * *
The goblin hits you with a +0 dagger.
* * * LOW HITPOINT WARNING * * *
It was a potion of berserk rage.
A red film seems to cover your vision as you go berserk!
You feel yourself moving faster!
You feel mighty!
The hobgoblin no longer looks unusually strong.
The hobgoblin hits you.
* * * LOW HITPOINT WARNING * * *
The goblin hits you.
* * * LOW HITPOINT WARNING * * *
The goblin hits you.
You die...

#....#
#...[#
#.!..#
#....#
#....#
#.!..#
#ggg.#
#g@g5#
######


You could see a hobgoblin, 4 goblins and a friendly crimson imp (summoned).

Vanquished Creatures
  A hound (D:5)
  Robin (D:4)
  An ooze (D:1)
  A worm (D:2)
  2 dart slugs
  A leopard gecko (D:2)
  3 orcs (D:3)
  6 giant cockroaches
  9 goblins
  7 hobgoblins
  5 jackals
  A quokka (D:3)
  8 bats
  3 frilled lizards (D:1)
  5 kobolds
  7 rats
61 creatures vanquished.

Notes
Turn   | Place    | Note
-------+----------+-------------------------------------------
     0 | D:1      | thiole the Octopode Hedge Wizard began the quest for the
                  | Orb.
     0 | D:1      | Reached XP level 1. HP: 11/11 MP: 4/4
   147 | D:1      | Reached skill level 3 in Stealth
   149 | D:1      | Reached XP level 2. HP: 11/17 MP: 1/6
   665 | D:1      | Reached XP level 3. HP: 7/21 MP: 1/7
  1263 | D:2      | Found a blossoming altar of Fedhas.
  1311 | D:2      | Found a shadowy altar of Dithmenos.
  2231 | D:3      | Reached XP level 4. HP: 27/27 MP: 1/9
  2234 | D:3      | Learned a level 2 spell: Call Imp
  2238 | D:3      | Learned a level 3 spell: Mephitic Cloud
  2310 | D:3      | Found a shimmering altar of Xom.
  2311 | D:3      | Found a hide-covered altar of Uskayaw.
  2311 | D:3      | Found a stormy altar of Qazlal.
  2416 | D:3      | Noticed Grinder
  2474 | D:4      | Noticed Robin
  2690 | D:4      | Found an ornate altar of the Wu Jian Council.
  2870 | D:4      | Killed Robin
  2874 | D:5      | Entered Level 5 of the Dungeon
  2877 | D:5      | Reached skill level 4 in Stealth
  2877 | D:5      | Reached skill level 1 in Air Magic
  2877 | D:5      | Reached skill level 1 in Poison Magic
  2877 | D:5      | Reached XP level 5. HP: 21/31 MP: 2/10
  2887 | D:5      | Slain by a goblin

Illustrated notes

Levels and vault maps discovered:
D:1:      dpeg_arrival_arbitrary_c, layout_basic
D:2:      layout_basic, gammafunk_temple_overflow_pools
D:3:      cheibrodos_thug_alley, layout_basic, grunt_temple_overflow_open,
          uniq_grinder
D:4:      layout_cave_pools, nzn_wu_jian_contemplation, gup_sewer_entry_pipe,
          grunt_ministairs_8, uniq_robin
D:5:      layout_rooms, uniq_edmund

Skill      XL: |  1  2  3  4 |
---------------+-------------+-----
Stealth        | 3 4 |  4.0
Conjurations   | 2 |  2.0
Summonings     | 2 |  2.0
Air Magic      | 1 |  1.3
Poison Magic   | 1 |  1.4
Dodging        | |  2.0
Spellcasting   | |  3.5
Translocations | |  1.0

Action                   |  1- 3 |  4- 6 || total
-------------------------+-------+-------++-------
Melee: Dagger            |    58 |    35 ||    93
       Constrict         |    13 |    11 ||    24
       Tentacles         |     9 |     5 ||    14
 Cast: Magic Dart        |    87 |    23 ||   110
       Call Imp          |       |     4 ||     4
  Use: Scroll            |     1 |       ||     1
       Potion            |       |     1 ||     1
 Stab: Sleeping          |       |     3 ||     3
Armor: Skin              |     6 |     3 ||     9
Dodge: Dodged            |    24 |    35 ||    59
